 Dungeon Crawl Stone Soup version 0.18.1-50-g88ac8fd (webtiles) character file.

4836 Peloso the Blocker (level 10, -7/86 HPs)
             Began as a Minotaur Fighter on Oct 14, 2016.
             Was an Initiate of Okawaru.
             Killed from afar by a deep elf mage (41 damage)
             ... with a bolt of lightning
             ... on level 8 of the Dungeon.
             The game lasted 00:24:54 (6820 turns).

Peloso the Blocker (Minotaur Fighter)               Turns: 6820, Time: 00:24:54

Health: -7/86      AC: 19    Str: 22    XL:     10   Next: 25%
Magic:  19/19      EV: 14    Int: 10    God:    Okawaru [......]
Gold:   608        SH: 12    Dex: 12    Spells: 0 memorised, 9 levels left

rFire  . . .     SeeInvis .     d - +2 long sword (holy)
rCold  . . .     Gourm    .     s - +0 plate armour
rNeg   . . .     Faith    .     c - +0 shield
rPois  .         Spirit   .     J - +3 hat of Pondering {ponderous, MR+ MP+10 Int+5}
rElec  .         Dismiss  .     e - +0 cloak
rCorr  .         Reflect  .     n - +0 pair of gloves
SustAt +         Harm     .     (no boots)
MR     +....                    K - amulet of regeneration
Stlth  ..........               q - +6 ring of evasion
                                t - ring of sustain attributes

@: slow, somewhat resistant to hostile enchantments, extremely unstealthy
A: retaliatory headbutt, horns 2
a: Renounce Religion


You were on level 8 of the Dungeon.
You worshipped Okawaru.
Okawaru was noncommittal.
You were not hungry.

You visited 2 branches of the dungeon, and saw 9 of its levels.

You collected 608 gold pieces.

Inventory:

Hand Weapons
 a - a +0 long sword
 d - a +2 long sword of holy wrath (weapon)
 O - the +1 rapier of the Inferno {pierce, rF+ MR+ MP+9 Stlth+}
   (You found it on level 7 of the Dungeon)

   It inflicts extra damage upon your enemies.
   It protects you from fire.
   It affects your resistance to hostile enchantments.
   It affects your magic capacity (+9).
   It makes you more stealthy.
 T - a +1 hand axe of flaming
Armour
 c - a +0 shield (worn)
 e - a +0 cloak (worn)
 n - a +0 pair of gloves (worn)
 s - a +0 plate armour (worn)
 J - the +3 hat of Pondering (worn) {ponderous, MR+ MP+10 Int+5}
   (You found it on level 6 of the Dungeon)

   It affects your intelligence (+5).
   It affects your resistance to hostile enchantments.
   It affects your magic capacity (+10).
Jewellery
 g - an uncursed ring of fire
 q - a +6 ring of evasion (right hand)
 t - a ring of sustain attributes (left hand)
 K - an amulet of regeneration (around neck)
Wands
 I - a wand of digging (12/24)
 P - a wand of polymorph (10/24)
 S - a wand of teleportation (4/9)
Scrolls
 m - a scroll of fog
 r - 2 scrolls of recharging {unknown}
 y - 2 scrolls of random uselessness {unknown}
 z - 2 scrolls of teleportation {unknown}
 A - a scroll of enchant armour {unknown}
 B - 2 scrolls of fear {unknown}
 C - 3 scrolls of remove curse
 G - 2 scrolls of identify
 L - a scroll of immolation {unknown}
 M - a scroll of blinking {unknown}
 Q - a scroll of enchant weapon {unknown}
Potions
 i - 4 potions of flight
 j - 3 potions of lignification
 k - 2 potions of degeneration {unknown}
 l - 2 potions of brilliance {unknown}
 o - 2 potions of haste {unknown}
 p - 2 potions of curing {unknown}
 u - a potion of magic {unknown}
 x - a potion of cure mutation {unknown}
 D - a potion of heal wounds {unknown}
 E - a potion of beneficial mutation {unknown}
 F - a potion of resistance
 N - a potion of cancellation {unknown}
Books
 H - a book of the Sky

   Spells                             Type                      Level
   a - Summon Lightning Spire         Summoning/Air                4
   b - Airstrike                      Air                          4
   c - Silence                        Hexes/Air                    5
   d - Deflect Missiles               Charms/Air                   6
   e - Conjure Ball Lightning         Conjuration/Air              6
   f - Tornado                        Air                          9
Comestibles
 b - 2 slices of pizza
 f - 5 bread rations
 h - 6 fruits
 v - 2 beef jerkies
 w - 4 meat rations
 R - 2 chunks of flesh


   Skills:
 + Level 7.4 Fighting
 + Level 7.8 Long Blades
 + Level 8.6 Armour
 + Level 7.1 Dodging
 + Level 1.1 Stealth
 + Level 10.6 Shields


You had 9 spell levels left.
You didn't know any spells.

Dungeon Overview and Level Annotations

Branches:
Dungeon (8/15)             Temple (1/1) D:7
   Lair: D:8-11

Altars:
Ashenzari
Cheibriados
Dithmenos
Elyvilon
Gozag
Makhleb
Nemelex Xobeh
Okawaru
Pakellas
Qazlal
Ru
Sif Muna
Trog
Vehumet
Xom
Yredelemnul
Zin
The Shining One


Innate Abilities, Weirdness & Mutations

You reflexively headbutt those who attack you in melee.
You have a pair of horns on your head.


Message History

You block the deep elf mage's attack.
Your plate armour prevents you from hitting the deep elf mage.
The deep elf mage is lightly wounded.
You block the deep elf mage's attack.
You slash the deep elf mage!
The deep elf mage is heavily wounded.
You closely miss the deep elf mage. Your headbutt misses the deep elf mage.
The deep elf mage is heavily wounded.
You block the deep elf mage's attack.
You closely miss the deep elf mage.
The deep elf mage is heavily wounded.
You block the deep elf mage's attack.
You slash the deep elf mage! Your headbutt misses the deep elf mage.
The deep elf mage is severely wounded.
You block the deep elf mage's attack.
You slash the deep elf mage!
The deep elf mage is almost dead.
The deep elf mage points at you and mumbles some strange words.
The bolt of lightning hits you!
You die...

.## .# ## #...##
#....###### #..........
#........# ##.......#
##.......#
############........#
###......)...@e.......#
##.......֠)...........#
###......................#
.......###########.......#
...##### ###.....# ####
##.....# ##....# #....#
##....#


You could see a deep elf mage.

Vanquished Creatures
  The ghost of Gargoyl the Pure, a novice DsAK of Lugonu (D:7)
  The ghost of Dioneo the Skirmisher, a novice HuFi of the Shining One (D:4)
  A hippogriff (D:6)
  An orc warrior (D:6)
  5 ice beasts
  3 sky beasts (D:7)
  A phantom (D:8)
  A necrophage (D:5)
  5 ogres
  6 centaurs
  2 big kobolds
  4 giant frogs
  2 gnoll sergeants
  A scorpion (D:7)
  A water moccasin skeleton (D:7)
  5 killer bees
  2 howler monkeys (D:5)
  A crimson imp (D:7)
  3 jellies
  4 orc priests
  A centaur skeleton (D:5)
  7 hounds
  6 orc wizards
  3 giant frog skeletons
  2 worker ants
  3 hound skeletons
  13 gnolls
  A howler monkey zombie (D:3)
  6 adders
  A shadow imp (D:6)
  2 adder zombies (D:3)
  4 adder skeletons
  2 worms (D:2)
  5 giant geckos
  28 orcs
  2 giant cockroaches
  11 goblins
  9 hobgoblins
  6 jackals
  19 kobolds
  5 quokkas
  A ball python (D:4)
  6 bats
  2 giant cockroach zombies
  A giant gecko zombie (D:7)
  4 giant newts
  8 rats
  4 plants (D:6)
212 creatures vanquished.

Vanquished Creatures (others)
  A plant (D:6)
1 creature vanquished.

Grand Total: 213 creatures vanquished

Notes
Turn   | Place    | Note
--------------------------------------------------------------
     0 | D:1      | Peloso the Minotaur Fighter began the quest for the Orb.
     0 | D:1      | Reached XP level 1. HP: 19/19 MP: 0/0
   175 | D:1      | Reached XP level 2. HP: 19/27 MP: 1/1
   565 | D:2      | Reached skill level 4 in Shields
   570 | D:2      | Reached XP level 3. HP: 23/33 MP: 2/2
  1014 | D:3      | Reached skill level 1 in Dodging
  1014 | D:3      | Reached XP level 4. HP: 39/40 MP: 3/3
  1071 | D:3      | Found a shimmering altar of Xom.
  1184 | D:3      | Found a stormy altar of Qazlal.
  1254 | D:3      | Reached XP level 5. HP: 47/47 MP: 4/4
  1504 | D:4      | Found a sparkling altar of Nemelex Xobeh.
  1507 | D:4      | Found an opulent altar of Gozag.
  1507 | D:4      | Found a basalt altar of Yredelemnul.
  1509 | D:4      | Found a glowing golden altar of the Shining One.
  1513 | D:4      | Found a radiant altar of Vehumet.
  1513 | D:4      | Found a shadowy altar of Dithmenos.
  1514 | D:4      | Found a snail-covered altar of Cheibriados.
  1573 | D:4      | Noticed Dioneo's ghost (novice HuFi)
  1588 | D:4      | You fall through a shaft for 2 floors!
  1799 | D:6      | Noticed a hippogriff
  1806 | D:6      | Killed a hippogriff
  1806 | D:6      | Reached skill level 5 in Shields
  1806 | D:6      | Reached XP level 6. HP: 46/53 MP: 5/5
  1811 | D:5      | Entered Level 5 of the Dungeon
  1816 | D:5      | Reached skill level 5 in Armour
  1908 | D:5      | Noticed an ice beast
  1920 | D:5      | Killed an ice beast
  1920 | D:5      | Reached XP level 7. HP: 47/60 MP: 6/6
  1975 | D:5      | Reached skill level 6 in Shields
  1991 | D:5      | Reached skill level 5 in Fighting
  2817 | D:4      | Killed Dioneo's ghost
  2817 | D:4      | Reached skill level 5 in Long Blades
  2817 | D:4      | Reached skill level 5 in Dodging
  2817 | D:4      | Reached XP level 8. HP: 37/69 MP: 7/7
  2919 | D:4      | Found an oddly glowing altar of Pakellas.
  3129 | D:6      | Reached skill level 7 in Shields
  3816 | D:6      | Reached skill level 1 in Stealth
  3832 | D:6      | Reached skill level 8 in Shields
  4079 | D:6      | Reached XP level 9. HP: 68/75 MP: 8/8
  4899 | D:7      | Noticed Gargoyl's ghost (novice DsAK)
  4919 | D:7      | Killed Gargoyl's ghost
  4919 | D:7      | Reached skill level 9 in Shields
  5006 | D:7      | Got a translucent rapier
  5007 | D:7      | Identified the cursed +1 rapier of the Inferno {pierce, rF+ MR+ MP+9 Stlth+} (You found it on level 7 of the Dungeon)
  5334 | D:7      | Reached skill level 10 in Shields
  5348 | D:7      | Found a glowing silver altar of Zin.
  5481 | D:7      | Found a staircase to the Ecumenical Temple.
  5938 | Temple   | Entered the Ecumenical Temple
  6094 | D:7      | Reached XP level 10. HP: 33/84 MP: 9/9
  6640 | D:8      | Found an iron altar of Okawaru.
  6648 | D:8      | Became a worshipper of Warmaster Okawaru
  6805 | D:8      | Noticed a deep elf mage
  6820 | D:8      | Killed from afar by a deep elf mage

Skill      XL: |  1  2  3  4  5  6  7  8  9 10 |
---------------+-------------------------------+-----
Armour         | 4 5 6 7 8 |  8.6
Fighting       | 4 5 6 7 |  7.4
Shields        | 4 5 6 8 10 | 10.6
Dodging        | 1 3 4 5 6 7 |  7.1
Long Blades    | 3 4 5 7 |  7.8
Stealth        | 1 |  1.1

Action                   |  1- 3 |  4- 6 |  7- 9 | 10-12 || total
-------------------------+-------+-------+-------+-------++-------
Melee: Long sword        |    70 |   113 |   396 |    83 ||   662
       Headbutt          |    11 |    21 |    84 |    15 ||   131
  Use: Scroll            |       |     4 |     2 |       ||     6
       Potion            |       |       |     1 |       ||     1
  Eat: Chunk             |       |     3 |    13 |     3 ||    19
       Fruit             |       |       |     2 |       ||     2
Armor: Scale mail        |    36 |    29 |    71 |       ||   136
       Plate armour      |       |       |    57 |    45 ||   102
Dodge: Dodged            |    40 |    70 |   260 |    64 ||   434
Block: Shield            |    40 |    91 |   281 |    95 ||   507
